 Dungeon Crawl Stone Soup version 0.28-a0-1033-g1a2f33fa85 (webtiles) character file.

Game seed: 1012714420889727400

13 meatgazer the Chopper (level 2, 0/27 HPs)
             Began as a Hill Orc Monk on Dec 7, 2021.
             Succumbed to a goblin's poison
             ... on level 1 of the Dungeon.
             The game lasted 00:00:38 (713 turns).

meatgazer the Chopper (Hill Orc Monk)                Turns: 713, Time: 00:00:39

Health: 0/27       AC:  2    Str: 13    XL:     2   Next: 37%
Magic:  2/2        EV: 12    Int: 10    God:
Gold:   44         SH:  0    Dex: 13    Spells: 1/1 levels left

rFire   . . .      SeeInvis .   a - +0 hand axe
rCold   . . .      Faith    .   (no shield)
rNeg    . . .      Spirit   .   b - +0 robe
rPois   .          Reflect  .   (no helmet)
rElec   .          Harm     .   (no cloak)
rCorr   .          Rampage  .   (no gloves)
Will    .....                   (no boots)
Stlth   ++........              (no amulet)
HPRegen 0.09/turn               (no ring)
MPRegen 0.08/turn               (no ring)

@: lethally poisoned (0 -> -8)
A: no striking features
a: no special abilities


You were on level 1 of the Dungeon.
You visited 1 branch of the dungeon, and saw 1 of its levels.

You collected 44 gold pieces.

Inventory:

Hand Weapons
 a - a +0 hand axe (weapon)
Armour
 b - a +0 robe (worn)
Scrolls
 d - a scroll of enchant armour {unknown}


   Skills:
 + Level 4.0 Fighting
 + Level 4.6 Axes
 - Level 2.4 Dodging
 - Level 1.5 Stealth


You had one spell level left.
You didn't know any spells.
Your spell library contained the following spells:

 Spells                   Type           Power      Damage    Failure   Level
 Blink                    Tloc           0%         N/A       50%         2
 Manifold Assault         Tloc           0%         N/A       100%        5
 Storm Form               Tmut/Air       0%         N/A       100%        7


Dungeon Overview and Level Annotations

Branches:
Dungeon (1/15)

Altars:


Message History

The goblin shouts!
You completely miss the goblin. The goblin hits you but does no damage.
You are poisoned.
You hit the goblin.
The goblin is moderately wounded.
You feel sick.
The goblin hits you with a +0 dagger of venom.
You are more poisoned.
You miss the goblin.
The goblin is moderately wounded.
You feel very sick. The goblin hits you but does no damage.
You are lethally poisoned!
You closely miss the goblin.
The goblin is moderately wounded.
You feel very sick. The goblin hits you but does no damage.
You are more poisoned.
You slash the goblin!
You kill the goblin!
You feel very sick.
You are too injured to fight recklessly!
You are too injured to fight recklessly!
You are too injured to fight recklessly!
You are too injured to fight recklessly!
You are too injured to fight recklessly!
There is a lethal amount of poison in your body!
There is a lethal amount of poison in your body!
There is a lethal amount of poison in your body!
Found a leather armour.
* * * LOW HITPOINT WARNING * * *
You feel very sick.
You see here a scroll labelled SOIMEONODIH.
d - a scroll labelled SOIMEONODIH
* * * LOW HITPOINT WARNING * * *
You feel very sick.
It was a potion of cancellation.
You feel magically purged.
* * * LOW HITPOINT WARNING * * *
You feel sick.
You die...

.###.######...#.##........
.......)..†......+........
.###.###......#.##........
# ##......##.###.......
##.#.......##.# ##.....#
..............# ##...##
####.......#### ##+#
##..)..(.... ##.@.######
##..# #.... ##..... .###[#
.# # .. .#


There were no monsters in sight!

Vanquished Creatures
  2 bats (D:1)
  2 endoplasms (D:1)
  3 goblins (D:1)
  2 ball pythons (D:1)
  A frilled lizard (D:1)
  2 kobolds (D:1)
  A rat (D:1)
13 creatures vanquished.

Notes
Turn   | Place    | Note
-------+----------+-------------------------------------------
     0 | D:1      | meatgazer the Hill Orc Monk began the quest for the Orb.
     0 | D:1      | Reached XP level 1. HP: 19/19 MP: 1/1
   469 | D:1      | Reached XP level 2. HP: 18/27 MP: 2/2
   713 | D:1      | Succumbed to a goblin's poison

Illustrated notes

Levels and vault maps discovered:
D:1:      minmay_arrival_floating_metal, layout_loops_corners

Skill      XL: |  1  2 |
---------------+-------+-----
Fighting       | 4 |  4.0
Axes           | |  4.6
Dodging        | |  2.4
Stealth        | |  1.5

Action                   || total
-------------------------++-------
Melee: Hand axe          ||    44
  Use: Scroll            ||     1
       Potion            ||     1
Armor: Robe              ||    18
Dodge: Dodged            ||    26

Table legend: (Time is in decaauts)
 A = Elapsed time spent in this place.
 B = Non-inter-level travel time spent in this place.
 C = Inter-level travel time spent in this place.
 D = Time resting spent in this place.
 E = Time spent auto-exploring this place.
 F = Levels seen in this place.
 G = Mean time per level.
                   A        B        C        D        E       F      G
               +--------+--------+--------+--------+--------+-----+--------+
         Total |    720 |    720 |      0 |      0 |    617 |   1 |  720.0 |
       Dungeon |    720 |    720 |      0 |      0 |    617 |   1 |  720.0 |
               +--------+--------+--------+--------+--------+-----+--------+

Top non-repeatable levels by time:
     D:1: 720 daAuts
